 Dungeon Crawl Stone Soup version 0.21.1-1-g345015f (webtiles) character file.

1513 wojtek the Cleaver (level 8, 0/68 HPs)
             Began as a Minotaur Fighter on July 1, 2018.
             Was a Follower of Makhleb.
             Slain by a jelly (3 damage)
             ... on level 6 of the Dungeon.
             The game lasted 00:04:34 (5260 turns).

wojtek the Cleaver (Minotaur Fighter)               Turns: 5260, Time: 00:04:35

Health: 0/68       AC: -2    Str: 22    XL:     8   Next: 53%
Magic:  10/10      EV:  5    Int:  5    God:    Makhleb [*.....]
Gold:   199        SH: 10    Dex: 11    Spells: 7/7 levels left

rFire    . . .     SeeInvis .   a - +0 war axe
rCold    . . .     Gourm    .   c - +0 shield
rNeg     . . .     Faith    .   l - +0 plate armour
rPois    .         Spirit   .   (helmet restricted)
rElec    .         Reflect  .   (no cloak)
rCorr    .         Harm     .   (no gloves)
MR       .....                  k - +0 pair of boots
Stlth    ..........             (no amulet)
HPRegen  0.21/turn              (no ring)
MPRegen  0.12/turn              (no ring)

@: corroded
A: retaliatory headbutt, horns 2
a: Renounce Religion


You were on level 6 of the Dungeon.
You worshipped Makhleb.
Makhleb was aware of your devotion.
You were very hungry.

You visited 2 branches of the dungeon, and saw 7 of its levels.

You collected 199 gold pieces.

Inventory:

Hand Weapons
 a - a +0 war axe (weapon)
Missiles
 w - a throwing net (quivered)
Armour
 c - a +0 shield (worn)
 k - a +0 pair of boots (worn)
 l - a +0 plate armour (worn)
Wands
 b - a wand of paralysis (12)
 u - a wand of enslavement (17)
Scrolls
 e - 6 scrolls of teleportation {unknown}
 g - 6 scrolls of identify {unknown}
 h - 2 scrolls of enchant weapon {unknown}
 i - a scroll of amnesia {unknown}
 o - a scroll of blinking {unknown}
 p - 7 scrolls of remove curse {unknown}
 t - a scroll of magic mapping {unknown}
 v - a scroll of enchant armour {unknown}
Potions
 d - a potion of might
 j - 2 potions of mutation {unknown}
 m - a potion of berserk rage {unknown}
 n - a potion of cancellation {unknown}
 q - 2 potions of ambrosia {unknown}
 r - a potion of agility {unknown}
 s - 2 potions of haste {unknown}
 x - a potion of brilliance {unknown}
 z - 3 potions of curing {unknown}
 A - a potion of degeneration {unknown}
Comestibles
 f - 7 rations


   Skills:
 + Level 5.1 Fighting
 + Level 9.4 Axes
 + Level 5.1 Armour
 + Level 3.1 Dodging
 + Level 5.1 Shields
 * Level 4.0 Invocations


You had 7 spell levels left.
You didn't know any spells.

Dungeon Overview and Level Annotations

Branches:
Dungeon (6/15)             Temple (1/1) D:5

Altars:
Ashenzari
Cheibriados
Dithmenos
Fedhas
Gozag
Hepliaklqana
Kikubaaqudgha
Makhleb
Nemelex Xobeh
Okawaru
Ru
Sif Muna
Trog
Uskayaw
Vehumet
Wu Jian
Xom
Yredelemnul
Zin
The Shining One

Shops:
D:6 %


Innate Abilities, Weirdness & Mutations

You reflexively headbutt those who attack you in melee.
You have a pair of horns on your head.


Message History

You are too injured to fight recklessly!
You are too injured to fight recklessly!
You are too injured to fight recklessly!
You hit the jelly but do no damage.
Your hands burn!
You headbutt the jelly.
The jelly is heavily wounded.
The jelly hits you.
You are splashed with acid!
The acid burns!
You hit the jelly but do no damage.
Your hands burn!
* * * LOW HITPOINT WARNING * * *
You headbutt the jelly.
The jelly is severely wounded.
The jelly hits you but does no damage.
You hit the jelly. The acid corrodes you!
Your hands burn!
* * * LOW HITPOINT WARNING * * *
The jelly is severely wounded.
The jelly hits you.
* * * LOW HITPOINT WARNING * * *
The acid corrodes you!
You are splashed with acid!
The acid burns!
* * * LOW HITPOINT WARNING * * *
The jelly hits you.
You die...

#...<.....#
#.........#
#......)..# #
#.........#.#
#.........#.#
#####.#####.#####
#......!.....
#####....###
#@#.## #J# # #5#
#.. #.> #..# ...#
...#


You could see a jelly and a shadow imp.

Vanquished Creatures
  Sigmund (D:2)
  A sky beast (D:6)
  2 phantoms (D:5)
  2 ogres
  A scorpion (D:5)
  3 wights (D:6)
  2 howler monkeys (D:5)
  A crimson imp (D:2)
  3 jellies
  2 orc priests (D:5)
  A bullfrog skeleton (D:4)
  A centaur skeleton (D:6)
  An iguana (D:4)
  Terence (D:2)
  3 orc wizards (D:5)
  2 worker ants
  A hound skeleton (D:6)
  7 gnolls
  6 adders
  A shadow imp (D:5)
  6 oozes (D:2)
  A worm (D:4)
  3 dart slugs
  2 leopard geckos
  6 orcs
  A ball python (D:4)
  4 giant cockroaches
  6 hobgoblins
  8 jackals
  A quokka (D:5)
  3 bats
  6 frilled lizards
  A giant cockroach zombie (D:5)
  6 goblins
  A jackal skeleton (D:4)
  10 kobolds
  A quokka zombie (D:5)
  5 rats
113 creatures vanquished.

Vanquished Creatures (others)
  11 toadstools (D:2)
11 creatures vanquished.

Grand Total: 124 creatures vanquished

Notes
Turn   | Place    | Note
-------+----------+-------------------------------------------
     0 | D:1      | wojtek the Minotaur Fighter began the quest for the Orb.
     0 | D:1      | Reached XP level 1. HP: 19/19 MP: 0/0
   150 | D:1      | Reached skill level 3 in Axes
   155 | D:1      | Reached XP level 2. HP: 20/26 MP: 1/1
   466 | D:1      | Reached skill level 4 in Axes
   639 | D:1      | Reached XP level 3. HP: 31/31 MP: 2/2
  1064 | D:2      | Noticed Terence
  1074 | D:2      | Killed Terence
  1074 | D:2      | Reached skill level 5 in Axes
  1140 | D:2      | Reached XP level 4. HP: 36/39 MP: 3/3
  1229 | D:2      | Reached skill level 6 in Axes
  1282 | D:2      | Reached XP level 5. HP: 26/45 MP: 4/4
  1529 | D:2      | Reached skill level 7 in Axes
  1618 | D:2      | Noticed Sigmund
  1628 | D:2      | Killed Sigmund
  1628 | D:2      | Reached skill level 8 in Axes
  1628 | D:2      | Reached XP level 6. HP: 18/51 MP: 5/5
  1972 | D:2      | Found a burning altar of Makhleb.
  1984 | D:2      | Became a worshipper of Makhleb the Destroyer
  2857 | D:3      | Found an ancient bone altar of Kikubaaqudgha.
  2892 | D:3      | Found a deep blue altar of Sif Muna.
  2893 | D:3      | Found a hide-covered altar of Uskayaw.
  2893 | D:3      | Found an ornate altar of the Wu Jian Council.
  2895 | D:3      | Found a blossoming altar of Fedhas.
  3148 | D:4      | Reached skill level 1 in Invocations
  3148 | D:4      | Reached XP level 7. HP: 26/58 MP: 6/6
  3464 | D:4      | Reached skill level 1 in Dodging
  3795 | D:4      | Found a shadowy altar of Dithmenos.
  3955 | D:5      | Entered Level 5 of the Dungeon
  4027 | D:5      | Reached skill level 9 in Axes
  4344 | D:5      | Reached * piety under Makhleb
  4393 | D:5      | You fall through a shaft!
  4508 | D:5      | Found a staircase to the Ecumenical Temple.
  4526 | D:5      | Reached XP level 8. HP: 45/67 MP: 9/9
  4538 | Temple   | Entered the Ecumenical Temple
  5083 | D:6      | Reached skill level 5 in Armour
  5084 | D:6      | Reached skill level 5 in Fighting
  5084 | D:6      | Reached skill level 5 in Shields
  5100 | D:6      | Found Qerphec's Food Boutique.
  5260 | D:6      | HP: 3/68 [acid (8)]
  5260 | D:6      | Slain by a jelly

Skill      XL: |  1  2  3  4  5  6  7  8 |
---------------+-------------------------+-----
Axes           | 3 4 5 6 8 9 |  9.4
Invocations    | 1 2 4 |  4.0
Dodging        | 2 3 |  3.1
Fighting       | 4 5 |  5.1
Armour         | 4 5 |  5.1
Shields        | 4 5 |  5.1

Action                   |  1- 3 |  4- 6 |  7- 9 || total
-------------------------+-------+-------+-------++-------
Melee: War axe           |    85 |   126 |   146 ||   357
       Headbutt          |    13 |    21 |    29 ||    63
  Eat: Chunk             |     1 |     6 |     6 ||    13
Armor: Scale mail        |    24 |       |       ||    24
       Plate armour      |    24 |    56 |    87 ||   167
Dodge: Dodged            |    18 |    17 |    13 ||    48
Block: Shield            |    34 |    63 |    47 ||   144
